 Dungeon Crawl Stone Soup version 0.24.0-125-gc4c63601f3 (webtiles) character file.

Game seed: 15758887612099653867, levelgen mode: deterministic

665591 Amplified the Ninja (level 27, -6/201 HPs)
             Began as a Vampire Venom Mage on Mar 1, 2020.
             Was the Champion of Makhleb.
             Killed from afar by an acid blob (11 damage)
             ... with a splash of acid
             ... on level 2 of the Pits of Slime on Mar 2, 2020.
             The game lasted 04:01:17 (67205 turns).

Amplified the Ninja (Vampire Venom Mage)           Turns: 67205, Time: 04:01:19

Health: -6/201     AC: 10    Str:  9      XL:     27
Magic:  29/37      EV: 29    Int: 24 (25) God:    Makhleb [******]
Gold:   5722       SH: 18    Dex: 21      Spells: 24/46 levels left

rFire    + + .     SeeInvis +   A - +11 demon trident "Gaukhyq" {flame, rC+ Str+3 Int+7 Dex-5}
rCold    + + +     Gourm    .   i - +5 shield
rNeg     + + +     Faith    .   U - +1 robe of Midnight {*Contam rElec rPois rF++}
rPois    ∞         Spirit   .   R - +2 hat {SInv}
rElec    +         Reflect  .   K - scarf {cloud immunity}
rCorr    .         Harm     .   H - +0 pair of gloves of Intercession {rPois rN+ MR++ Int-4}
MR       +++++     Clarity  +   b - +2 pair of boots of the Assassin {Detection Stab+ Stlth++}
Stlth    ++++++++++             u - amulet of the Four Winds {rN+ MR+++ Clar}
HPRegen  0.00/turn              D - ring of Rationality {+Fly AC+4 Dex+3}
MPRegen  0.25/turn              e - ring "Wafowoc" {rPois rC+ Int+3}

@: corroded, bloodless
A: no food, claws 1, fangs 3, horns 1, thin metallic scales 1, see invisible,
deterioration 2, dopey 1, poison resistance, robust 1, weak 1, unbreathing,
sturdy frame 1
}: 4/15 runes: barnacled, silver, abyssal, gossamer
a: Bat Form, Revivify, Minor Destruction, Lesser Servant of Makhleb, Major
Destruction, Greater Servant of Makhleb, Renounce Religion, Evoke Flight


You were on level 2 of the Pits of Slime.
You worshipped Makhleb.
Makhleb was exalted by your worship.
You were bloodless.

You visited 16 branches of the dungeon, and saw 62 of its levels.
You visited the Abyss 2 times.
You visited 1 bazaar.
You also visited: Bailey, Gauntlet and Ice Cave.

You collected 9565 gold pieces.
You spent 3843 gold pieces at shops.

Inventory:

Hand Weapons
 n - a +9 dagger of electrocution
 p - the +9 heavy crossbow "Sniper" {velocity, Acc+∞ SInv}
   (You found it on level 3 of the Elven Halls)

   Any bolt fired from it inflicts extra damage.
   It lets you see invisible.
 r - a +9 broad axe of chopping
 y - the +6 broad axe of Subjectivity {venom, +Inv}
   (You took it off an orc wizard on level 11 of the Dungeon)

   It poisons the flesh of those it strikes.
   It lets you turn invisible.
 A - the +11 demon trident "Gaukhyq" (weapon) {flame, rC+ Str+3 Int+7 Dex-5}
   (You found it on level 1 of the Realm of Zot)

   It has been specially enchanted to burn those struck by it, causing extra
   injury to most foes and up to half again as much damage against particularly
   susceptible opponents.
   It affects your strength (+3).
   It affects your intelligence (+7).
   It affects your dexterity (-5).
   It protects you from cold.
 M - the +8 demon blade "Bloodbane" {slice, *Rage +Rage Stlth-}
   (You found it on level 3 of the Crypt)

   It inflicts extra damage upon your enemies.
   It lets you go berserk.
   It may make you go berserk in combat.
   It makes you less stealthy.
 O - a +2 quick blade of piercing
Missiles
 c - 144 poisoned darts (quivered)
Armour
 b - the +2 pair of boots of the Assassin (worn) {Detection Stab+ Stlth++}
   (You found it in a Gauntlet)

   It makes you much more stealthy.
 f - the +1 leather armour of Cowardice {rF+++ MP-9 Str+5}
   (You bought it in a shop on level 2 of the Orcish Mines)

   It affects your strength (+5).
   It renders you almost immune to fire.
   It affects your magic capacity (-9).
 i - a +5 shield (worn)
 v - the cursed +1 robe of the Guilds {rPois rN+ MR+, unknown}
   (You found it on level 15 of the Dungeon)

   It protects you from poison.
   It protects you from negative energy.
   It affects your resistance to hostile enchantments.
   It has a curse placed upon it.
 z - the +5 leather armour of Mirth {+Fly MR+ rCorr, unknown}
   (You found it on level 1 of the Abyss)

   It affects your resistance to hostile enchantments.
   It lets you fly.
   It provides partial protection from all sources of acid and corrosion.
 C - a +1 helmet
 H - the +0 pair of gloves of Intercession (worn) {rPois rN+ MR++ Int-4}
   (You bought it in a shop on level 2 of the Orcish Mines)

   It affects your intelligence (-4).
   It protects you from poison.
   It protects you from negative energy.
   It affects your resistance to hostile enchantments.
 K - a scarf of cloud immunity (worn)
 R - a +2 hat of see invisible (worn)
 U - the +1 robe of Midnight (worn) {*Contam rElec rPois rF++}
   (You found it on level 3 of the Abyss)

   It greatly protects you from fire.
   It insulates you from electricity.
   It protects you from poison.
   It causes magical contamination when unequipped.
 Y - +2 storm dragon scales
Jewellery
 e - the ring "Wafowoc" (right hand) {rPois rC+ Int+3}
   (You found it in a bailey)

   [ring of protection from cold]

   It affects your intelligence (+3).
   It protects you from cold.
   It protects you from poison.
 j - the cursed necklace of Bloodlust {*Rage +Rage MR++ Int-3 Slay+6 *Curse}
   (You bought it in a shop on level 14 of the Dungeon)

   [amulet of rage]

   It affects your intelligence (-3).
   It affects your accuracy and damage with ranged weapons and melee attacks
   (+6).
   It affects your resistance to hostile enchantments.
   It lets you go berserk.
   It may make you go berserk in combat.
   It curses itself when equipped.
   It has a curse placed upon it.
 u - the amulet of the Four Winds (around neck) {rN+ MR+++ Clar}
   (You found it on level 5 of the Vaults)

   [amulet of nothing]

   It protects you from negative energy.
   It affects your resistance to hostile enchantments.
   It protects you against confusion.
 D - the ring of Rationality (left hand) {+Fly AC+4 Dex+3}
   (You took it off an orc warrior on level 8 of the Dungeon)

   [ring of protection]

   It affects your AC (+4).
   It affects your dexterity (+3).
   It lets you fly.
 E - the ring of Finality {Fire *Corrode rElec rPois Dex+2}
   (You found it on level 8 of the Dungeon)

   [ring of fire]

   It enhances your fire magic.
   It affects your dexterity (+2).
   It protects you from fire.
   It makes you vulnerable to cold.
   It insulates you from electricity.
   It protects you from poison.
   It may corrode you when you take damage.
 F - the amulet of Jeijeami {Gourm +Blink rC- Slay+6 SInv}
   (You found it on level 8 of the Dungeon)

   [amulet of the gourmand]

   It allows you to eat raw meat even when not hungry.
   It affects your accuracy and damage with ranged weapons and melee attacks
   (+6).
   It makes you vulnerable to cold.
   It lets you see invisible.
   It lets you blink.
 L - an uncursed ring of protection from cold
 T - an uncursed ring of flight
 Z - the amulet "Jysiumm" {+Inv rElec rPois Regen+ Int+7}
   (You found it in a Gauntlet)

   [amulet of regeneration]

   It affects your intelligence (+7).
   It insulates you from electricity.
   It protects you from poison.
   It lets you turn invisible.
   It increases your rate of regeneration.
Wands
 g - a wand of paralysis (8)
 h - a wand of polymorph (15)
 k - a wand of clouds (1)
 l - a wand of iceblast (18)
 G - a wand of flame (11)
Scrolls
 d - 11 scrolls of amnesia
 o - 3 scrolls of enchant weapon
 s - 15 scrolls of remove curse
 t - 10 scrolls of vulnerability
 w - 4 scrolls of brand weapon
 x - 6 scrolls of fear
Potions
 a - 5 potions of curing
 m - 9 potions of mutation
 J - 4 potions of magic
 S - a potion of cancellation
 X - 3 potions of ambrosia
Miscellaneous
 P - a lamp of fire (inert)
 V - 4 boxes of beasts


   Skills:
 * Level 20.0 Fighting
 - Level 17.2(19.1) Short Blades
 - Level 13.6(16.6) Long Blades
 - Level 13.4(14.3) Axes
 - Level 9.1(12.3) Polearms
 - Level 1.0 Throwing
 - Level 17.2 Armour
 - Level 17.7 Dodging
 O Level 27 Stealth
 - Level 15.0 Shields
 * Level 10.2 Spellcasting
 - Level 3.0 Conjurations
 * Level 7.2 Hexes
   Level 12.5 Summonings
 - Level 4.0 Translocations
 - Level 5.3 Transmutations
 - Level 4.5 Air Magic
 - Level 2.6 Poison Magic
 - Level 4.8 Invocations
 - Level 5.7 Evocations


You had 24 spell levels left.
You knew the following spells:

 Your Spells              Type           Power        Failure   Level  Hunger
a - Sting                 Conj/Pois      ####         1%          1    N/A
b - Poisonous Vapours     Pois/Air       ####..       1%          2    N/A
c - Blink                 Tloc           N/A          1%          2    N/A
d - Apportation           Tloc           ####..       1%          1    N/A
e - Confusing Touch       Hex            #####.       1%          1    N/A
f - Passwall              Tmut/Erth      ####....     2%          2    N/A
g - Mephitic Cloud        Conj/Pois/Air  ####....     3%          3    N/A
h - Airstrike             Air            ####......   8%          4    N/A
i - Invisibility          Hex            #####...     38%         6    N/A

Your spell library contained the following spells:

 Spells                   Type           Power        Failure   Level  Hunger
 Corona                   Hex            #####..      1%          1    N/A
 Magic Dart               Conj           ####         1%          1    N/A
 Shock                    Conj/Air       ####         1%          1    N/A
 Summon Butterflies       Summ           ######..     1%          1    N/A
 Summon Small Mammal      Summ           ####         1%          1    N/A
 Call Imp                 Summ           ######..     1%          2    N/A
 Ensorcelled Hibernation  Hex/Ice        ####..       1%          2    N/A
 Slow                     Hex            #####...     1%          2    N/A
 Call Canine Familiar     Summ           ######..     1%          3    N/A
 Confuse                  Hex            #####...     1%          3    N/A
 Dazzling Spray           Conj/Hex       #####.       1%          3    N/A
 Portal Projectile        Hex/Tloc       #####.       1%          3    N/A
 Recall                   Summ/Tloc      N/A          1%          3    N/A
 Tukima's Dance           Hex            #####...     1%          3    N/A
 Flame Tongue             Conj/Fire      ###..        2%          1    N/A
 Summon Mana Viper        Hex/Summ       ######..     2%          5    N/A
 Shroud of Golubria       Chrm/Tloc      ###...       3%          2    N/A
 Swiftness                Chrm/Air       ###.....     3%          2    N/A
 Gell's Gravitas          Tloc           ####......   3%          3    N/A
 Inner Flame              Hex/Fire       ####....     3%          3    N/A
 Static Discharge         Conj/Air       ####....     3%          3    N/A
 Throw Flame              Conj/Fire      ###...       4%          2    N/A
 Throw Frost              Conj/Ice       ###...       4%          2    N/A
 Summon Ice Beast         Ice/Summ       #####...     4%          4    N/A
 Summon Forest            Summ/Tloc      ######....   4%          5    N/A
 Shadow Creatures         Summ           N/A          4%          6    N/A
 Animate Skeleton         Necr           N/A          5%          1    N/A
 Freeze                   Ice            ##..         5%          1    N/A
 Infusion                 Chrm           ##..         5%          1    N/A
 Sandblast                Erth           ##....       5%          1    N/A
 Ignite Poison            Fire/Tmut/Pois ####....     5%          3    N/A
 Fulminant Prism          Conj/Hex       #####.....   6%          4    N/A
 Corpse Rot               Necr           N/A          8%          2    N/A
 Conjure Flame            Conj/Fire      ###.....     9%          3    N/A
 Stone Arrow              Conj/Erth      ###...       9%          3    N/A
 Yara's Violent Unravell  Hex/Tmut       #####.....   11%         5    N/A
 Leda's Liquefaction      Hex/Erth       ####......   12%         4    N/A
 Ozocubu's Armour         Chrm/Ice       ##......     16%         3    N/A
 Iskenderun's Mystic Bla  Conj           ####....     16%         4    N/A
 Olgreb's Toxic Radiance  Pois           ####....     17%         4    N/A
 Petrify                  Tmut/Erth      ####....     17%         4    N/A
 Alistair's Intoxication  Tmut/Pois      ####....     26%         5    N/A
 Irradiate                Conj/Tmut      ####......   26%         5    N/A
 Monstrous Menagerie      Summ           ######....   26%         7    N/A
 Summon Greater Demon     Summ           ######....   26%         7    N/A
 Summon Hydra             Summ           ######....   26%         7    N/A
 Sticky Flame             Conj/Fire      ###.....     28%         4    N/A
 Throw Icicle             Conj/Ice       ###.....     28%         4    N/A
 Lightning Bolt           Conj/Air       ####......   30%         5    N/A
 Metabolic Englaciation   Hex/Ice        ####......   32%         5    N/A
 Venom Bolt               Conj/Pois      ####......   41%         5    N/A
 Animate Dead             Necr           N/A          45%         4    N/A
 Fireball                 Conj/Fire      ###.......   61%         5    N/A
 Hydra Form               Tmut           #####.....   65%         6    N/A
 Borgnjor's Vile Clutch   Necr/Erth      ##........   82%         5    N/A
 Lee's Rapid Deconstruct  Erth           ##........   82%         5    N/A
 Malign Gateway           Summ/Tloc      ######....   82%         7    N/A
 Conjure Ball Lightning   Conj/Air       ####......   86%         6    N/A
 Spellforged Servitor     Conj/Summ      #####.....   87%         7    N/A
 Summon Horrible Things   Summ           ######....   89%         8    N/A
 Freezing Cloud           Conj/Ice/Air   ###.......   96%         6    N/A
 Bolt of Fire             Conj/Fire      ###.......   99%         6    N/A
 Iron Shot                Conj/Erth      ###.......   99%         6    N/A
 Dragon Form              Tmut           #####.....   99%         7    N/A
 Death Channel            Necr           ##........   100%        6    N/A
 Simulacrum               Ice/Necr       ##........   100%        6    N/A
 Orb of Destruction       Conj           ####......   100%        7    N/A
 Ring of Flames           Chrm/Fire      ##........   100%        7    N/A
 Discord                  Hex            #####.....   100%        8    N/A
 Ignition                 Fire           ##........   100%        8    N/A
 Dragon's Call            Summ           ######....   100%        9    N/A
 Shatter                  Erth           ##........   100%        9    N/A
 Tornado                  Air            ####......   100%        9    N/A

Dungeon Overview and Level Annotations

Branches:
Dungeon (15/15)            Temple (1/1) D:5            Lair (6/6) D:9
 Shoals (4/4) Lair:4       Spider (4/4) Lair:4        Slime (2/5) Lair:6
    Orc (2/2) D:11            Elf (3/3) Orc:2        Vaults (5/5) D:13
  Crypt (3/3) Vaults:3       Tomb (0/3) Crypt:3      Depths (5/5) D:15
   Hell (visited)             Dis (5/7) Hell            Geh (0/7) Hell
    Coc (1/7) Hell            Tar (3/7) Hell            Zot (2/5) Depths:5
 Bailey (visited)           IceCv (visited)         Gauntlet (visited)

Altars:
Ashenzari
Cheibriados
Dithmenos
Elyvilon
Fedhas
Gozag
Hepliaklqana
Kikubaaqudgha
Makhleb
Nemelex Xobeh
Okawaru
Qazlal
Ru
Sif Muna
Trog
Uskayaw
Vehumet
Wu Jian
Xom
Yredelemnul
Zin
The Shining One
Beogh
Jiyva
Lugonu

Shops:
D:12 **   D:14 =   Orc:2 *[[[   Elf:1 ?   Elf:3 (   Crypt:2 *   Depths:3 [*[

Portals:
Hell: Depths:1 Depths:3 Depths:4 Depths:5
Abyss: Depths:1 Depths:3 Depths:4 Depths:5
Pandemonium: Depths:3
Ziggurat: Depths:5

Annotations:
D:6 1 runed translucent door
D:14 Get Katana, GO NUTS
Temple Vampirical Choice
Shoals:3 Go with care. Javelineers are tough.
Spider:1 Asterion!
Elf:2 3 runed translucent doors, exclusion: orange crystal statue
Elf:3 Heavy Stabs the Game, but Clarity would be nice.
Vaults:4 Depths, Crypt, Elf. Ger resistances. Start building on spells.
Vaults:5 Slaying would be nice, Crypt:2 3 runed translucent doors, exclusion: obsidian statue, Baysya's ghost, adept GrFE
Depths:1 Plan to get 15 runes in 50k walks.
Depths:5 exclusion: orb of fire
Hell Check documentation for Hells.


Innate Abilities, Weirdness & Mutations

You do not eat.
You do not regenerate when monsters are visible.
You are frail without blood (-20% HP).
You can heal yourself when you bite living creatures.
You are immune to poison.
You have razor-sharp teeth.
You have supernaturally acute eyesight. (SInv)
You can survive without breathing.
You have sharp fingernails.
You have a pair of small horns on your head.
You are partially covered in thin metallic scales. (AC +2)
Your body often deteriorates upon taking damage.
You are dopey. (Int -2)
Your system is resistant to poisons. (rPois)
You are robust. (+10% HP)
You are weak. (Str -2)
Your movements are slightly less encumbered by armour. (ER -2)


Message History

Okay, then.
The acid blob spits acid at you. The splash of acid misses you.
The acid blob spits acid at you. You block the splash of acid.
The acid blob spits acid at you.
The splash of acid hits you but does no damage.
You are splashed with acid.
* * * LOW HITPOINT WARNING * * *
The acid blob spits acid at you. You block the splash of acid.
There is a stone staircase leading up here.
The acid blob spits acid at you. The splash of acid hits you.
* * * LOW HITPOINT WARNING * * *
The acid corrodes you!
You are splashed with acid!
* * * LOW HITPOINT WARNING * * *
The acid blob spits acid at you. The splash of acid hits you!
You die...

#### ### #.#.##..
#### .........
#...##
..........#.....##
..........#........
....................
............@..#
.........#....#...#
#.......J..J.#.#..#
...................
.....>............#
................#...
....................
..................##
...#....#.........#


You could see 2 acid blobs.

Vanquished Creatures
  Khufu (Crypt:1)
  2 ancient liches
  2 greater mummies (Crypt:1)
  Boris (twice) (Crypt:3 Depths:3)
  Sojobo (Depths:5)
  Frederick (Vaults:3)
  Margery (Depths:5)
  Xtahua (Vaults:5)
  Geryon (Hell)
  Saint Roka (Crypt:1)
  6 golden dragons
  2 caustic shrikes (Depths:4)
  3 bone dragons
  An iron giant (Dis:3)
  A doom hound (Tar:1)
  A Tzitzimitl (Hell)
  A Brimstone Fiend (Dis:3)
  7 tentacled monstrosities
  8 liches
  Rupert (Lair:5)
  Asterion (Spider:1)
  3 deep elf blademasters (Elf:3)
  2 deep elf master archers (Elf:3)
  3 quicksilver dragons
  7 krakens
  4 titans (Vaults:5)
  2 Executioners (Dis:3)
  4 ancient champions
  6 shadow dragons
  Gastronok (Lair:2)
  9 tengu reavers
  7 tentacled starspawn
  9 sphinxes
  11 storm dragons
  A death cob (Zot:1)
  9 fire giants
  2 revenants
  3 iron dragons
  19 vault wardens
  5 ghost moths
  3 draconian scorchers
  16 frost giants
  A draconian knight (Depths:5)
  11 deep elf elementalists
  9 deep elf sorcerers
  5 emperor scorpions
  4 balrugs
  3 cacodemons
  A caustic shrike zombie (Crypt:2)
  8 reapers
  20 ironheart preservers
  7 ghouls
  21 very ugly things
  12 war gargoyles
  3 draconian shifters (Zot:1)
  15 stone giants
  An ophan (Abyss:4)
  4 entropy weavers
  6 vampire knights
  A juggernaut skeleton (Crypt:2)
  2 minotaurs
  9 black draconians
  11 deep elf demonologists
  6 spark wasps
  A dire elephant (Gauntlet)
  3 lorocyprocas
  10 deep elf annihilators
  A white draconian (Zot:1)
  3 yellow draconians (Depths:5)
  5 purple draconians
  Snorg (D:14)
  5 blizzard demons
  8 merfolk javelineers
  13 ettins
  11 deep elf death magi
  6 merfolk impalers
  3 eidola
  7 crystal guardians
  2 jiangshi (Tar:1)
  4 deep elf high priests
  3 quicksilver dragon zombies
  The ghost of Karec the Geomancer, a journeyman DgEE (D:15)
  A kraken zombie (Hell)
  A great orb of eyes (shapeshifter) (Depths:2)
  10 fire dragons
  A hell beast (Depths:5)
  3 hydras
  Erolcha (D:11)
  4 rakshasas
  14 ice dragons
  Harold (D:7)
  15 yaktaur captains
  9 great orbs of eyes
  24 vault guards
  2 spriggan air magi
  A shambling mangrove (Abyss:3)
  4 death knights
  A ghost crab (Abyss:3)
  3 merfolk avatars
  A catoblepas (D:14)
  10 centaur warriors
  The ghost of ChadusMaximus the Cleaver, a novice MiBe of Trog (D:8)
  46 two-headed ogres
  3 satyrs
  20 dancing weapons
  2 merfolk aquamancers (Shoals:4)
  8 death yaks
  15 ogre magi
  8 tengu warriors
  9 deep troll shamans
  10 deep troll earth magi
  4 vampire magi
  A spriggan berserker (Depths:3)
  16 thrashing horrors
  Nergalle (D:11)
  3 hell hogs
  19 deep elf knights
  A storm dragon zombie (Crypt:3)
  A shock serpent (shapeshifter) (Vaults:4)
  3 iron golems
  9 sun demons
  30 hell knights
  2 soul eaters
  32 skeletal warriors
  5 wretched stars
  4 iron trolls
  A fire crab (Abyss:3)
  2 titan skeletons
  An unseen horror (shapeshifter) (Vaults:3)
  4 shadow wraiths
  3 salamander mystics (Depths:4)
  4 sixfirhies
  A deep troll (shapeshifter) (Vaults:4)
  14 glowing orange brains
  2 swamp dragons (Abyss:5)
  8 wizards
  A sea snake (shapeshifter) (Depths:4)
  10 unseen horrors
  A torturous demonspawn (Depths:3)
  The ghost of execc the Spear-Bearer, a novice OpBe of Trog (D:6)
  2 golden dragon zombies
  10 sea snakes
  3 anaconda zombies
  27 deep trolls
  24 deep elf archers
  5 flayed ghosts
  7 starcursed masses
  A harpy (shapeshifter) (Depths:4)
  9 phantasmal warriors
  4 shadow dragon zombies
  A lindwurm (shapeshifter) (Depths:1)
  4 lindwurms (Lair:4)
  12 necromancers
  An orb spider (shapeshifter) (Vaults:1)
  18 ironbrand convokers
  A golden dragon skeleton (Coc:1)
  24 orc knights
  An anaconda skeleton (Crypt:1)
  78 deep elf magi
  2 iron dragon zombies
  3 shadow dragon skeletons
  A fire giant zombie (Vaults:5)
  A wolf spider zombie (Dis:1)
  11 harpies
  2 orc sorcerers
  32 wolf spiders
  10 orb spiders
  A frost giant zombie (Crypt:1)
  4 moths of wrath
  45 ugly things
  9 salamanders (Depths:4)
  13 fauns
  A shining eye (Slime:1)
  A stone giant zombie (Hell)
  A cyclops (shapeshifter) (Depths:4)
  12 manticores
  An elephant (shapeshifter) (Vaults:5)
  A worldbinder (Abyss:2)
  5 cyclopes
  An iron dragon skeleton (Crypt:3)
  3 dire elephant zombies
  2 human skeletons (Vaults:4)
  A spriggan zombie (Hell)
  A moth of wrath (shapeshifter) (Vaults:5)
  A frost giant skeleton (Crypt:1)
  6 elephants
  2 guardian serpents (shapeshifter) (Abyss:5)
  15 rust devils
  2 guardian serpents (Depths:3)
  A water nymph (shapeshifter) (Vaults:5)
  An eye of devastation (shapeshifter) (Vaults:5)
  5 ice statues
  A stone giant skeleton (Vaults:5)
  A torpor snail (Lair:5)
  5 water nymphs
  11 merfolk sirens
  An orange demon (Depths:1)
  11 smoke demons
  4 apocalypse crabs
  2 fire giant skeletons
  4 gargoyles
  6 molten gargoyles
  2 black mambas
  5 emperor scorpion zombies
  21 spiny frogs
  2 spiny frogs (shapeshifter)
  16 vault sentinels
  6 hellions
  A red draconian zombie (Crypt:2)
  A rime drake (Lair:5)
  54 orc warriors
  46 yaktaurs
  7 demonic crawlers
  An iron troll zombie (Crypt:2)
  A kobold demonologist (D:8)
  13 tormentors
  3 efreet
  A yaktaur skeleton (Vaults:5)
  5 hellwings
  A silent spectre (Tar:1)
  4 ancient zymes
  7 freezing wraiths
  A yaktaur (shapeshifter) (D:14)
  5 komodo dragons
  10 trolls
  An anaconda simulacrum (IceCv)
  3 hydra zombies
  5 red devils
  2 tengu conjurers
  20 ice devils
  28 jumping spiders
  6 meliai
  2 harpy zombies
  A death drake zombie (Crypt:1)
  A wind drake (shapeshifter) (Vaults:1)
  3 tyrant leeches (Lair:6)
  A wind drake (Shoals:2)
  24 merfolk
  A polar bear (Lair:5)
  A hornet (shapeshifter) (Vaults:4)
  Prince Ribbit (Lair:3)
  2 tyrant leeches (shapeshifter) (Depths:2)
  2 fire dragon zombies
  2 ice dragon zombies
  2 hydra skeletons (Hell)
  A polar bear (shapeshifter) (D:15)
  A bog body (Crypt:2)
  13 hornets
  A harpy skeleton (Crypt:1)
  A blink frog (shapeshifter) (Vaults:3)
  A moth of wrath zombie (Crypt:2)
  34 blink frogs
  11 raiju
  12 slime creatures
  2 dream sheep (shapeshifter)
  12 dream sheep
  8 snapping turtles
  2 deep troll zombies
  A hippogriff (shapeshifter) (Vaults:3)
  17 large abominations
  A sphinx simulacrum (Vaults:4)
  5 hippogriffs
  3 air elementals (Depths:2)
  37 flying skulls
  A dire elephant simulacrum (IceCv)
  2 ynoxinuls
  12 shadows
  18 tarantellas
  An ice dragon skeleton (Crypt:1)
  4 vampires
  50 redbacks
  2 basilisks
  42 yaks
  2 spriggans
  5 wyverns
  3 alligator skeletons
  4 fire bats (Depths:4)
  12 water elementals
  18 wraiths
  2 ettin skeletons
  Grum (D:11)
  8 neqoxecs
  5 hungry ghosts
  10 fire elementals
  9 vampire mosquitoes
  A steam dragon (shapeshifter) (D:15)
  A human (shapeshifter) (Vaults:5)
  4 chaos spawn
  3 harpy simulacra (IceCv)
  2 insubstantial wisps (Depths:2)
  15 wargs
  4 acid dragons
  2 iron troll simulacra (IceCv)
  A gelid demonspawn zombie (Crypt:1)
  A soldier ant (D:12)
  3 hydra simulacra
  A floating eye (Depths:4)
  10 porcupines
  34 hell hounds
  2 spiny frog zombies (Dis:3)
  A floating eye (shapeshifter) (Depths:2)
  2 spiny frog skeletons (Hell)
  A hornet zombie (D:13)
  9 water moccasins
  2 sky beasts (D:7)
  An eye of draining (shapeshifter) (Depths:4)
  A snapping turtle zombie (Dis:1)
  3 eyes of draining
  A swamp drake (D:11)
  An ice dragon simulacrum (Crypt:1)
  8 necrophages
  6 ice beasts
  2 black bears (shapeshifter)
  A snapping turtle skeleton (Crypt:3)
  A manticore zombie (Dis:1)
  An ettin simulacrum (IceCv)
  56 ogres
  A phantom (D:11)
  16 small abominations
  3 wolves (D:11)
  A boggart (D:13)
  A centaur (shapeshifter) (D:15)
  26 centaurs
  A manticore skeleton (Tar:1)
  A boggart (shapeshifter) (Vaults:5)
  15 crocodiles
  25 bullfrogs
  3 big kobolds
  A yaktaur zombie (Hell)
  A big kobold (shapeshifter) (D:15)
  5 earth elementals
  An elf skeleton (D:9)
  A gnoll sergeant (D:9)
  A wyvern skeleton (D:13)
  3 wyvern zombies
  2 cyclops skeletons
  9 scorpions
  14 killer bees
  4 electric eels
  36 wights
  4 howler monkeys
  6 crimson imps
  5 lava snakes (Lair:3)
  3 centaur zombies
  6 jellies
  5 quasits
  A bullfrog zombie (D:7)
  8 centaur skeletons
  A soldier ant zombie (Crypt:2)
  5 human zombies
  20 orc priests
  2 bullfrog skeletons (D:4)
  7 hounds
  21 orc wizards
  15 iron imps
  Ijyb (D:3)
  Terence (D:3)
  6 iguanas
  14 worker ants
  A naga zombie (Crypt:2)
  2 ogre zombies
  2 tengu zombies
  2 hound zombies
  A tengu skeleton (Crypt:3)
  2 hound skeletons
  6 mummies
  3 worker ant zombies
  9 gnolls
  10 adders
  A river rat (D:6)
  5 shadow imps
  An ooze (shapeshifter) (Vaults:5)
  5 oozes
  5 worms
  A ball lightning (Depths:2)
  2 dart slugs
  4 leopard geckos
  134 orcs
  A ball python (D:2)
  6 giant cockroaches
  8 goblins
  9 hobgoblins
  7 jackals
  5 quokkas
  A ball python skeleton (Crypt:1)
  11 bats
  4 frilled lizards
  A goblin zombie (Crypt:1)
  A jackal skeleton (Crypt:1)
  19 kobolds
  A kobold zombie (Dis:3)
  2 leopard gecko skeletons
  A quokka skeleton (D:7)
  A quokka zombie (D:6)
  11 rats
  A rat zombie (Crypt:2)
  A lurking horror (Abyss:3)
  3 plants (Shoals:2)
  2 starspawn tentacles (Abyss:5)
  8 tentacles
2783 creatures vanquished.

Vanquished Creatures (collateral kills)
  A kraken (Abyss:3)
  A draconian monk (Depths:5)
  A yellow draconian (Depths:5)
  A white draconian (Depths:5)
  A vault guard (Vaults:5)
  A two-headed ogre (D:8)
  2 skeletal warriors (Tar:3)
  A deep troll (Depths:1)
  A moth of wrath (Depths:5)
  An apocalypse crab (Abyss:3)
  A flying skull (Tar:3)
  A phantom (D:7)
  2 killer bees (D:13)
  An orc wizard (D:8)
  An orc (D:8)
17 creatures vanquished.

Vanquished Creatures (others)
  An eldritch tentacle (Dis:4)
  A war gargoyle (Depths:2)
  A deep elf death mage (Elf:3)
  A spriggan air mage (Depths:4)
  A hell hog (Hell)
  A deep troll (Depths:5)
  A deep elf mage (Elf:3)
  A water elemental (Depths:2)
  A centaur simulacrum (D:13)
  A wraith (Dis:3)
  A tarantella (Spider:4)
  A necrophage (Dis:1)
  3 small abominations (Abyss:4)
  An earth elemental (Depths:2)
  An orc wizard (D:11)
  4 ball lightnings (Depths:2)
  An orc (D:11)
  2 fungi (Lair:6)
  A lurking horror (Abyss:5)
  35 plants
  15 starspawn tentacles
  39 tentacles
114 creatures vanquished.

Grand Total: 2914 creatures vanquished

Notes
Turn   | Place    | Note
-------+----------+-------------------------------------------
     0 | D:1      | Amplified the Vampire Venom Mage began the quest for the
                  | Orb.
     0 | D:1      | Reached XP level 1. HP: 13/13 MP: 3/3
   323 | D:1      | Reached XP level 2. HP: 20/20 MP: 0/5
   372 | D:1      | Learned a level 2 spell: Poisonous Vapours
   783 | D:1      | Reached skill level 1 in Fighting
   848 | D:2      | Gained mutation: You are partially covered in thin metallic
                  | scales. (AC +2) [potion of mutation]
   848 | D:2      | Gained mutation: You have a pair of small horns on your
                  | head. [potion of mutation]
   848 | D:2      | Gained mutation: You are robust. (+10% HP) [potion of
                  | mutation]
   848 | D:2      | Gained mutation: Your system is resistant to poisons.
                  | (rPois) [potion of mutation]
   915 | D:2      | Found a shattered altar of Ashenzari.
   934 | D:2      | Reached XP level 3. HP: 27/28 MP: 0/6
  1079 | D:2      | Reached skill level 1 in Short Blades
  1097 | D:2      | Reached skill level 4 in Stealth
  1655 | D:3      | Noticed Terence
  1729 | D:4      | Reached XP level 4. HP: 31/35 MP: 4/7
  1991 | D:4      | Reached skill level 5 in Stealth
  1991 | D:4      | Reached XP level 5. HP: 41/41 MP: 8/8
  2093 | D:4      | Noticed an ogre
  2103 | D:4      | Killed an ogre
  2205 | D:4      | Reached XP level 6. HP: 42/50 MP: 9/9
  2226 | D:4      | Reached skill level 6 in Stealth
  2810 | D:4      | Found a glowing silver altar of Zin.
  2811 | D:4      | Noticed an angel
  2855 | D:5      | Entered Level 5 of the Dungeon
  2899 | D:5      | Reached XP level 7. HP: 9/57 MP: 7/10
  3179 | D:5      | Found a staircase to the Ecumenical Temple.
  3228 | Temple   | Entered the Ecumenical Temple
  3408 | Temple   | Became a worshipper of Makhleb the Destroyer
  3447 | D:5      | Reached skill level 7 in Stealth
  3475 | D:5      | Reached skill level 5 in Dodging
  3827 | D:6      | Reached skill level 1 in Invocations
  3841 | D:6      | Found a runed translucent door.
  3841 | D:6      | Noticed execc's ghost (novice OpBe)
  3931 | D:6      | Found a runed translucent door.
  4145 | D:6      | Reached XP level 8. HP: 66/66 MP: 11/11
  4259 | D:6      | Reached skill level 8 in Stealth
  4273 | D:7      | Reached skill level 5 in Short Blades
  4275 | D:7      | Found a stormy altar of Qazlal.
  4371 | D:7      | Reached * piety under Makhleb
  4414 | D:7      | Noticed Harold
  4430 | D:8      | Noticed a two-headed ogre
  4478 | D:7      | Killed Harold
  4478 | D:7      | Reached skill level 5 in Fighting
  4478 | D:7      | Reached skill level 9 in Stealth
  4478 | D:7      | Reached XP level 9. HP: 74/74 MP: 12/12
  4754 | D:7      | Found an iron altar of Okawaru.
  4771 | D:7      | Reached skill level 10 in Stealth
  4867 | D:7      | Found an ornate altar of the Wu Jian Council.
  5026 | D:7      | Found a bloodstained altar of Trog.
  5069 | D:8      | Found a runed translucent gate.
  5154 | D:5      | Reached ** piety under Makhleb
  5188 | D:3      | Found an opulent altar of Gozag.
  5268 | D:3      | Killed Terence
  5362 | D:3      | Noticed Ijyb
  5373 | D:3      | Killed Ijyb
  5710 | D:3      | Reached *** piety under Makhleb
  5841 | D:6      | Killed execc's ghost
  5841 | D:6      | Reached XP level 10. HP: 83/83 MP: 13/13
  6213 | D:8      | Found a runed translucent gate.
  6213 | D:8      | Found a runed translucent gate.
  6213 | D:8      | Noticed ChadusMaximus's ghost (novice MiBe)
  6259 | D:8      | Killed a two-headed ogre
  6727 | D:8      | Noticed a centaur warrior
  6738 | D:8      | Killed a centaur warrior
  6738 | D:8      | Reached skill level 10 in Short Blades
  6739 | D:8      | Noticed a cyclops
  6739 | D:8      | Identified the ring of Disaster {EV+1 Str+5}
  6744 | D:8      | Identified the ring of Rationality {+Fly AC+4 Dex+3}
  6746 | D:8      | Killed a cyclops
  6749 | D:8      | Reached **** piety under Makhleb
  6777 | D:8      | Noticed a two-headed ogre
  6824 | D:8      | Killed a two-headed ogre
  6824 | D:8      | Reached XP level 11. HP: 87/89 MP: 14/14
  6951 | D:8      | Got a coiled bronze ring
  6953 | D:8      | Identified the ring of Finality {Fire *Corrode rElec rPois
                  | Dex+2} (You found it on level 8 of the Dungeon)
  6964 | D:8      | Got a scintillating ivory amulet
  6966 | D:8      | Identified the amulet of Jeijeami {Gourm +Blink rC- Slay+6
                  | SInv} (You found it on level 8 of the Dungeon)
  7113 | D:8      | Reached skill level 11 in Stealth
  7466 | D:9      | Found a shadowy altar of Dithmenos.
  7466 | D:9      | Found a hazy altar of Hepliaklqana.
  7484 | D:9      | Noticed a death yak
  7485 | D:9      | Found a staircase to the Lair.
  7486 | D:9      | Noticed a death yak
  7488 | D:9      | Noticed a death yak
  7489 | D:9      | Killed a death yak
  7489 | D:9      | Reached skill level 1 in Shields
  7489 | D:9      | Reached skill level 1 in Evocations
  7535 | D:9      | Killed a death yak
  7546 | D:9      | Killed a death yak
  7665 | D:9      | Reached ***** piety under Makhleb
  7814 | D:9      | Reached skill level 12 in Stealth
  7858 | D:9      | Found an ancient bone altar of Kikubaaqudgha.
  7907 | D:9      | Found a hide-covered altar of Uskayaw.
  8165 | D:10     | Entered Level 10 of the Dungeon
  8867 | D:11     | Noticed an unseen horror
  8874 | D:11     | Killed an unseen horror
  8960 | D:11     | Noticed Grum
  8972 | D:11     | Killed Grum
  9040 | D:11     | Identified the +6 broad axe of Subjectivity {venom, +Inv}
  9110 | D:11     | Reached XP level 12. HP: 100/100 MP: 15/15
  9540 | D:11     | Reached skill level 13 in Stealth
  9560 | D:11     | Noticed Nergalle
  9567 | D:11     | Killed Nergalle
  9597 | D:11     | Noticed Erolcha
  9598 | D:11     | Found a staircase to the Orcish Mines.
  9627 | D:11     | Killed Erolcha
  9833 | D:12     | Reached skill level 5 in Shields
  9867 | D:12     | Found Yfunurgh's Serpentskin Sales.
  9869 | D:12     | Reached ****** piety under Makhleb
  9879 | D:12     | Reached skill level 5 in Evocations
  9949 | D:12     | Noticed a two-headed ogre
  9957 | D:12     | Killed a two-headed ogre
 10036 | D:12     | Found Xeuclass's Changing Room.
 10067 | D:12     | Reached skill level 14 in Stealth
 10780 | Lair:1   | Entered Level 1 of the Lair of Beasts
 10816 | Lair:1   | Noticed a four-headed hydra
 10824 | Lair:1   | Killed a four-headed hydra
 11444 | Lair:2   | Reached XP level 13. HP: 111/111 MP: 17/17
 11710 | Lair:2   | Reached skill level 15 in Stealth
 11821 | Lair:2   | Noticed Gastronok
 11840 | Lair:2   | Killed Gastronok
 12489 | Lair:3   | Noticed Prince Ribbit
 12499 | Lair:3   | Killed Prince Ribbit
 12504 | Lair:3   | Reached skill level 16 in Stealth
 13247 | Lair:4   | Found a staircase to the Shoals.
 13380 | Lair:4   | Found a hole to the Spider Nest.
 13789 | Lair:4   | Reached skill level 17 in Stealth
 14059 | Lair:4   | Reached skill level 10 in Fighting
 14109 | Lair:4   | Got a fine long sword
 14131 | Lair:4   | Learned a level 2 spell: Blink
 14233 | Lair:5   | Reached XP level 14. HP: 101/121 MP: 18/18
 14255 | Lair:5   | Noticed Rupert
 14266 | Lair:5   | Killed Rupert
 14650 | Lair:6   | Entered Level 6 of the Lair of Beasts
 14706 | Lair:6   | Identified the +4 long sword of Defiance {slice, *Corrode
                  | rPois MR+} (You found it on level 4 of the Lair of Beasts)
 14741 | Lair:6   | Reached skill level 10 in Shields
 14749 | Lair:6   | Reached skill level 18 in Stealth
 15198 | Lair:6   | Reached skill level 19 in Stealth
 15308 | Lair:6   | Found a runed translucent door.
 15308 | Lair:6   | Found a viscous altar of Jiyva.
 15309 | Lair:6   | Found a staircase to the Slime Pits.
 15966 | Orc:1    | Entered Level 1 of the Orcish Mines
 16218 | Orc:2    | Entered Level 2 of the Orcish Mines
 16436 | Orc:2    | Found a staircase to the Elven Halls.
 16600 | Orc:2    | Found a roughly hewn altar of Beogh.
 16772 | Orc:2    | Found Guogao's Armour Shoppe.
 16772 | Orc:2    | Found Xemy's Antique Armour Shop.
 16773 | Orc:2    | Found Wothref's Armour Shop.
 16773 | Orc:2    | Found Xoidyen's Assorted Antiques.
 16803 | Orc:2    | Reached XP level 15. HP: 129/129 MP: 19/19
 16833 | Orc:2    | Bought a potion of curing for 99 gold pieces
 16833 | Orc:2    | Bought a scroll of enchant weapon for 247 gold pieces
 16862 | Orc:2    | Reached skill level 20 in Stealth
 17063 | Orc:2    | Learned a level 1 spell: Apportation
 17065 | Orc:2    | Learned a level 1 spell: Confusing Touch
 17413 | Orc:2    | Bought the cursed +1 leather armour of Cowardice {rF+++
                  | MP-9 Str+5} for 451 gold pieces
 17413 | Orc:2    | Bought the cursed +0 pair of gloves of Intercession {rPois
                  | rN+ MR++ Int-4} for 202 gold pieces
 17438 | Orc:2    | Bought a glowing scarf for 256 gold pieces
 17724 | D:13     | Found a flagged portal.
 17737 | Bailey   | Entered a bailey
 17970 | Bailey   | Got a twitching ivory ring
 17972 | Bailey   | Got a transparent plate armour
 18123 | D:13     | Found a gate leading to a gauntlet.
 18132 | Gauntlet | Entered a Gauntlet
 18132 | Gauntlet | Found a transporter.
 18301 | Gauntlet | Found a transporter.
 18303 | Gauntlet | Found a transporter.
 18306 | Gauntlet | Found a transporter.
 18307 | Gauntlet | Found a transporter.
 18310 | Gauntlet | Found a transporter.
 18315 | Gauntlet | Found a transporter.
 18316 | Gauntlet | Found a transporter.
 18317 | Gauntlet | Found the +2 pair of boots of the Assassin {Detection Stab+
                  | Stlth++}
 18336 | Gauntlet | Found a transporter.
 18353 | Gauntlet | Found a transporter.
 18357 | Gauntlet | Found a transporter.
 18366 | Gauntlet | Found a transporter.
 18513 | Gauntlet | Got a clouded platinum amulet
 18515 | Gauntlet | Got a scintillating sapphire amulet
 18530 | Gauntlet | Identified the cursed +0 plate armour of the Lonely Nights
                  | {rF- MR++} (You found it in a bailey)
 18543 | Gauntlet | Identified the ring "Wafowoc" {rPois rC+ Int+3} (You found
                  | it in a bailey)
 18641 | Gauntlet | Identified Sif Muna's Arcane Secrets of Theurgy
 18641 | Gauntlet | Identified the Collected Works on Translocation and
                  | Changing
 18642 | Gauntlet | Got a blackened short sword
 18665 | Gauntlet | Got a distressingly furry leather armour
 18993 | D:13     | Identified the amulet "Wosyi" {Faith Dex+4} (You found it
                  | in a Gauntlet)
 19067 | D:13     | Reached skill level 21 in Stealth
 19273 | D:13     | Found a gate to the Vaults.
 19350 | D:14     | Identified the amulet "Jysiumm" {+Inv rElec rPois Regen+
                  | Int+7} (You found it in a Gauntlet)
 19494 | D:14     | Noticed Snorg
 19798 | D:14     | Found Nuwesoeh's Jewellery Shoppe.
 19836 | D:14     | Killed Snorg
 20112 | D:14     | Found a sacrificial altar of Ru.
 20323 | D:15     | Entered Level 15 of the Dungeon
 20367 | D:15     | Reached XP level 16. HP: 111/139 MP: 11/20
 20395 | D:15     | Identified the +2 leather armour "Jooc" {Str+6} (You found
                  | it in a Gauntlet)
 20441 | D:15     | Found a runed translucent gate.
 20441 | D:15     | Found a runed translucent gate.
 20441 | D:15     | Found a runed translucent gate.
 20559 | D:15     | Found a runed translucent door.
 20559 | D:15     | Noticed a tengu reaver
 20642 | D:15     | Reached skill level 22 in Stealth
 20731 | D:15     | Found a staircase to the Depths.
 21086 | D:15     | Identified the cursed +3 short sword "Colon" {speed, Str+4
                  | Int+5} (You found it in a Gauntlet)
 21328 | Elf:1    | Entered Level 1 of the Elven Halls
 21364 | Elf:1    | Found Itasunewn's Magic Scroll Emporium.
 21400 | Elf:1    | Bought a scroll of blinking for 135 gold pieces
 21400 | Elf:1    | Bought a scroll of teleportation for 54 gold pieces
 21400 | Elf:1    | Bought a scroll of blinking for 135 gold pieces
 21400 | Elf:1    | Bought a scroll of fog for 36 gold pieces
 21841 | Elf:1    | Got a heavily runed ring mail
 21857 | Elf:1    | Identified the +0 ring mail of the Allies {rF+ Str+3} (You
                  | found it on level 1 of the Elven Halls)
 21897 | Elf:1    | Identified the Reference Book on Companions
 22045 | Elf:1    | Identified the Guide on Unstable Dislocation
 22478 | Spider:1 | Entered Level 1 of the Spider Nest
 22567 | Spider:1 | Noticed Asterion
 23646 | Spider:3 | Learned a level 2 spell: Passwall
 23670 | Spider:3 | Reached skill level 23 in Stealth
 24178 | Spider:3 | Learned a level 3 spell: Mephitic Cloud
 24294 | Spider:4 | Entered Level 4 of the Spider Nest
 24838 | Spider:4 | Reached XP level 17. HP: 148/148 MP: 12/21
 25124 | Spider:4 | Reached skill level 15 in Shields
 25191 | Spider:4 | Reached skill level 24 in Stealth
 25211 | Spider:4 | Got a gossamer rune of Zot
 25660 | Spider:1 | Killed Asterion
 26094 | Shoals:1 | Entered Level 1 of the Shoals
 26116 | Shoals:1 | Reached skill level 25 in Stealth
 26472 | Shoals:2 | Found a frozen archway.
 26549 | IceCv    | Entered an ice cave
 26794 | IceCv    | Reached skill level 26 in Stealth
 26806 | IceCv    | Got a translucent lajatang
 26814 | IceCv    | Identified the cursed +1 lajatang of the Eight Ships
                  | {flame, rN+ Int+3} (You found it in an ice cave)
 27452 | Shoals:3 | Noticed a kraken
 27463 | Shoals:3 | Killed a kraken
 27468 | Shoals:3 | Noticed a kraken
 27476 | Shoals:3 | Killed a kraken
 27484 | Shoals:4 | Entered Level 4 of the Shoals
 27494 | Shoals:4 | Noticed a kraken
 27501 | Shoals:4 | Killed a kraken
 27508 | Shoals:4 | Noticed a kraken
 27515 | Shoals:4 | Killed a kraken
 27515 | Shoals:4 | Reached skill level 27 in Stealth
 27515 | Shoals:4 | Reached XP level 18. HP: 156/156 MP: 13/22
 27573 | Shoals:3 | Reached skill level 1 in Throwing
 27573 | Shoals:3 | Reached skill level 1 in Armour
 28357 | Shoals:3 | Found a hide-covered altar of Uskayaw.
 29773 | Shoals:4 | Got a barnacled rune of Zot
 30408 | Elf:2    | Reached skill level 10 in Dodging
 30517 | Elf:2    | Reached skill level 5 in Armour
 30697 | Elf:2    | Identified the Incunabulum of Creative Combat Magic
 30733 | Elf:3    | Entered Level 3 of the Elven Halls
 31028 | Elf:3    | Found Fuyqak's Antique Weapon Boutique.
 31042 | Elf:3    | Bought a steaming longbow for 275 gold pieces
 31193 | Elf:3    | Reached XP level 19. HP: 167/167 MP: 14/23
 31468 | Elf:3    | Identified the +9 longbow of Extinguishment {velocity,
                  | Int+10 Dex-2} (You bought it in a shop on level 3 of the
                  | Elven Halls)
 31791 | Elf:2    | Found a runed translucent gate.
 31791 | Elf:2    | Found a runed translucent gate.
 31811 | Elf:2    | Found a runed translucent gate.
 32338 | Vaults:1 | Entered Level 1 of the Vaults
 33123 | Vaults:1 | Found a flickering gateway to a bazaar.
 33176 | Bazaar   | Entered a bazaar
 33183 | Bazaar   | Found Buaxuqepe's Antique Weapon Emporium.
 33197 | Bazaar   | Found Ygheruu Muaps's Antique Weapon Shoppe.
 33213 | Bazaar   | Found Qiko Not's Antique Armour Emporium.
 33224 | Bazaar   | Found Yqerhuwn's Antique Armour Shoppe.
 33259 | Bazaar   | Bought a runed broad axe for 189 gold pieces
 34146 | Vaults:2 | Identified the +1 chain mail of Subjectivity {rN+}
 34220 | Vaults:2 | Reached skill level 15 in Fighting
 35319 | Vaults:3 | Reached XP level 20. HP: 145/178 MP: 15/24
 35505 | Vaults:3 | Found Otahuask's Food Shoppe.
 35895 | Vaults:3 | Found an iron altar of Okawaru.
 35981 | Vaults:3 | Found a staircase to the Crypt.
 36110 | Vaults:3 | Noticed Frederick
 36116 | Vaults:3 | Killed Frederick
 36853 | Vaults:4 | Reached skill level 10 in Armour
 37373 | Vaults:4 | Reached skill level 15 in Dodging
 37407 | Vaults:4 | Reached XP level 21. HP: 138/189 MP: 16/25
 38408 | Crypt:1  | Entered Level 1 of the Crypt
 38425 | Crypt:1  | Noticed Khufu
 38425 | Crypt:1  | Noticed a greater mummy
 38497 | Crypt:1  | Noticed a greater mummy
 38501 | Crypt:1  | Killed a greater mummy
 38618 | Crypt:1  | Killed Khufu
 38792 | Crypt:1  | Killed a greater mummy
 38909 | Crypt:1  | Noticed Saint Roka
 38936 | Crypt:2  | Found a runed translucent gate.
 38937 | Crypt:2  | Found a runed translucent gate.
 38938 | Crypt:2  | Found a runed translucent gate.
 38938 | Crypt:2  | Found an opulent altar of Gozag.
 38940 | Crypt:2  | Found Imunylam's Assorted Antiques.
 38941 | Crypt:2  | Noticed Baysya's ghost (adept GrFE)
 39070 | Crypt:3  | Entered Level 3 of the Crypt
 39388 | Crypt:3  | Found an ancient bone altar of Kikubaaqudgha.
 39388 | Crypt:3  | Noticed an ancient lich
 39392 | Crypt:3  | Killed an ancient lich
 39425 | Crypt:3  | Found the +8 demon blade "Bloodbane" {slice, *Rage +Rage
                  | Stlth-}
 40247 | Crypt:3  | Found a staircase to the Tomb.
 40385 | Crypt:3  | Noticed Boris
 40481 | Crypt:3  | Killed Boris
 40481 | Crypt:3  | Reached XP level 22. HP: 132/163 MP: 17/26
 41448 | Crypt:1  | Reached skill level 1 in Hexes
 41527 | Crypt:1  | Killed Saint Roka
 42080 | Crypt:2  | Reached skill level 5 in Hexes
 42107 | Crypt:2  | Found an ancient bone altar of Kikubaaqudgha.
 43106 | D:15     | Found a runed translucent gate.
 43106 | D:15     | Found a runed translucent gate.
 43111 | D:15     | Found a runed translucent gate.
 43121 | D:15     | Noticed Karec's ghost (journeyman DgEE)
 43178 | Depths:1 | Entered Level 1 of the Depths
 43336 | Depths:1 | Reached skill level 1 in Air Magic
 43420 | Depths:1 | Reached skill level 5 in Spellcasting
 43808 | Depths:1 | Noticed an ancient lich
 43839 | Depths:1 | Killed an ancient lich
 44160 | Depths:5 | Entered Level 5 of the Depths
 44191 | Depths:5 | Noticed Margery
 44230 | Depths:5 | Killed Margery
 44230 | Depths:5 | Reached skill level 1 in Transmutations
 44360 | Depths:5 | Noticed Sojobo
 44564 | Depths:5 | Killed Sojobo
 44614 | Depths:5 | Found a gateway to a ziggurat.
 44623 | Depths:5 | Reached XP level 23. HP: 209/209 MP: 25/34
 44800 | Depths:5 | Reached skill level 5 in Transmutations
 44830 | Depths:5 | Found a gateway to Hell.
 45108 | Depths:5 | Reached skill level 1 in Translocations
 45202 | Depths:5 | Found a gate to the Realm of Zot.
 45583 | Depths:5 | Found a one-way gate to the infinite horrors of the Abyss.
 46117 | Depths:4 | Reached skill level 1 in Conjurations
 46569 | Depths:4 | Reached skill level 10 in Spellcasting
 46855 | Depths:4 | Identified the +4 ring mail "Damnable Contraption" {Regen+
                  | SInv Stlth-} (You found it on level 4 of the Depths)
 46870 | Depths:4 | Paralysed by a floating eye for 2 turns
 46880 | Depths:4 | Paralysed by a floating eye for 2 turns
 46888 | Depths:4 | Paralysed by a floating eye for 2 turns
 47344 | Depths:4 | Noticed a caustic shrike
 47367 | Depths:4 | Killed a caustic shrike
 47383 | Depths:4 | Identified the cursed +0 dagger of the Scorpion {freeze,
                  | rN+ Str+4} (You found it on level 4 of the Depths)
 47451 | Depths:4 | Noticed a caustic shrike
 47461 | Depths:4 | Killed a caustic shrike
 47628 | Depths:4 | Identified the +1 robe of Gallantry {MR+ Dex+5} (You found
                  | it on level 4 of the Depths)
 47970 | Depths:3 | Found a bloodstained altar of Trog.
 48034 | Depths:3 | Found a one-way gate leading to the halls of Pandemonium.
 48301 | Depths:3 | Reached XP level 24. HP: 202/220 MP: 28/37
 48363 | Depths:3 | Found Gozag's Assorted Antiques.
 48373 | Depths:3 | Found an opulent altar of Gozag.
 48376 | Depths:3 | Found Gozag's Antique Armour Emporium.
 48398 | Depths:3 | Found Gozag's Antique Armour Shoppe.
 48412 | Depths:3 | Bought an embroidered scarf for 800 gold pieces
 48747 | Depths:3 | Found a corrupted altar of Lugonu.
 48747 | Depths:3 | Noticed Boris
 49156 | Depths:3 | Killed Boris
 50065 | Depths:1 | Reached skill level 15 in Armour
 51365 | Elf:3    | Learned a level 4 spell: Airstrike
 51982 | Elf:3    | Identified the +3 falchion of Hacking and Slashing {venom,
                  | Int+3}
 52063 | Elf:3    | Reached XP level 25. HP: 171/231 MP: 28/37
 52073 | Elf:3    | Identified the Reference Book on the Entourage
 52091 | Elf:3    | Found the +9 heavy crossbow "Sniper" {velocity, Acc+∞ SInv}
 52093 | Elf:3    | Identified the Papyrus of Conjuration
 52110 | Elf:3    | Identified Diroluall's Catalogue of the Grue
 52180 | Elf:3    | Identified the Guide on Entrancing Ice
 52302 | Elf:3    | Identified the +8 dagger "Goblin's Doom" {drain, rF+ MR+
                  | Str+4}
 52541 | Elf:3    | Learned a level 6 spell: Invisibility
 52586 | Elf:3    | Bought a glowing broad axe for 203 gold pieces
 52592 | Elf:3    | Identified the +7 glaive of Conversion {chop, rPois Str+2
                  | Int-5} (You found it on level 3 of the Elven Halls)
 52929 | Hell     | Entered the Vestibule of Hell
 52929 | Hell     | Noticed Geryon
 53094 | Hell     | Reached skill level 1 in Long Blades
 53094 | Hell     | Reached skill level 1 in Axes
 53110 | Depths:1 | Gained mutation: You are weak. (Str -2) [a cacodemon]
 53321 | Hell     | Found a gateway to the freezing wastes of Cocytus.
 53496 | Hell     | Reached skill level 5 in Long Blades
 53537 | Hell     | Reached skill level 5 in Axes
 53674 | Hell     | Found a gateway to the ashen valley of Gehenna.
 53877 | Hell     | Killed Geryon
 54180 | Hell     | Found a gateway to the decaying netherworld of Tartarus.
 54435 | Hell     | Found a gateway to the Iron City of Dis.
 54648 | Depths:1 | Voluntarily entered the Abyss.
 54655 | Abyss:2  | Found a corrupted altar of Lugonu.
 54675 | Abyss:2  | Found a corrupted altar of Lugonu.
 54715 | Abyss:2  | Found a corrupted altar of Lugonu.
 54779 | Abyss:2  | Found a corrupted altar of Lugonu.
 54902 | Abyss:3  | Got a heavily jewelled robe
 54904 | Abyss:3  | Identified the +1 robe of Midnight {*Contam rElec rPois
                  | rF++} (You found it on level 3 of the Abyss)
 54916 | Abyss:4  | Found a corrupted altar of Lugonu.
 55264 | Abyss:4  | Reached skill level 10 in Long Blades
 55396 | Abyss:5  | Entered Level 5 of the Abyss
 55448 | Abyss:5  | Reached skill level 10 in Axes
 55543 | Abyss:5  | Found a corrupted altar of Lugonu.
 55559 | Abyss:5  | Found a corrupted altar of Lugonu.
 55605 | Abyss:5  | Paralysed by accursed screaming for 1 turns
 55610 | Abyss:5  | Paralysed by accursed screaming for 1 turns
 55613 | Abyss:5  | Paralysed by accursed screaming for 1 turns
 55615 | Abyss:5  | Paralysed by accursed screaming for 2 turns
 55828 | Abyss:5  | Gained mutation: Your movements are slightly less
                  | encumbered by armour. (ER -2) [a neqoxec]
 55852 | Depths:1 | Escaped the Abyss
 56157 | D:14     | Bought the cursed necklace of Bloodlust {*Rage +Rage MR++
                  | Int-3 Slay+6 *Curse} for 761 gold pieces
 56157 | D:14     | Found the cursed necklace of Bloodlust {*Rage +Rage MR++
                  | Int-3 Slay+6 *Curse}
 56376 | Vaults:5 | Entered Level 5 of the Vaults
 56398 | Vaults:5 | Found the amulet of the Four Winds {rN+ MR+++ Clar}
 56611 | Vaults:5 | Got a polished scale mail
 56739 | Vaults:5 | Identified the +5 scimitar "Roikon" {venom, *Drain rF++
                  | Str-4 Dex+9}
 56924 | Vaults:5 | Identified the +10 war axe "Ogoxue" {chop, rF+ rN+ Str-3}
 56950 | Vaults:5 | Identified the ring "Gilampyc" {rPois rC- Dex+7 Stlth-}
 56955 | Vaults:5 | Reached XP level 26. HP: 239/239 MP: 36/37
 57035 | Vaults:5 | Identified the ring "Rebroaj" {rF+ SInv}
 57035 | Vaults:5 | Noticed Xtahua
 57170 | Vaults:5 | Reached skill level 15 in Short Blades
 57890 | Vaults:5 | Got a silver rune of Zot
 57945 | Vaults:5 | Identified a scroll of acquirement
 57987 | Vaults:5 | Reached skill level 1 in Summonings
 58075 | Vaults:5 | Reached skill level 5 in Summonings
 58145 | Vaults:5 | Identified the +1 scale mail of Sarimn {Dex+3} (You found
                  | it on level 5 of the Vaults)
 58190 | Vaults:5 | Killed Xtahua
 58374 | Vaults:5 | Reached skill level 10 in Summonings
 58398 | Vaults:5 | Identified the +0 pair of gloves of the Vacuum {+Fly} (You
                  | found it on level 5 of the Vaults)
 58440 | Vaults:5 | Identified the +9 short sword "Tormentor" {freeze, *Rage
                  | +Blink rPois Str+4}
 58571 | Vaults:5 | Identified the +10 great mace of Dishonesty {crush, Fragile
                  | rC++ MR+++ Stlth-}
 59168 | D:15     | Killed Karec's ghost
 59305 | D:15     | Got a steaming robe
 59554 | D:8      | Killed ChadusMaximus's ghost
 59784 | Depths:1 | Voluntarily entered the Abyss.
 59790 | Abyss:1  | Found a corrupted altar of Lugonu.
 59821 | Abyss:1  | Paralysed by accursed screaming for 1 turns
 59846 | Abyss:1  | Got a twisted leather armour
 60445 | Abyss:2  | Gained mutation: You are dopey. (Int -2) [a neqoxec]
 60657 | Abyss:2  | Found a corrupted altar of Lugonu.
 60899 | Abyss:3  | Paralysed by accursed screaming for 2 turns
 61196 | Abyss:3  | Got an abyssal rune of Zot
 61334 | Depths:1 | Escaped the Abyss
 61484 | Zot:1    | Entered Level 1 of the Realm of Zot
 61907 | Tar:1    | Entered Level 1 of Tartarus
 62124 | Tar:3    | Reached XP level 27. HP: 76/245 MP: 35/37
 62139 | Tar:3    | HP: 3/246 [Tzitzimitl/bolt of negative energy[the effects
                  | of Hell] (13)]
 62609 | Zot:1    | Noticed an orb of fire
 62811 | Zot:2    | Noticed an orb of fire
 63274 | Zot:1    | Got an iridescent demon trident
 63275 | Zot:1    | Identified the +11 demon trident "Gaukhyq" {flame, rC+
                  | Str+3 Int+7 Dex-5} (You found it on level 1 of the Realm of
                  | Zot)
 63286 | Zot:1    | Reached skill level 1 in Polearms
 63374 | Zot:1    | Gained mutation: Your body sometimes deteriorates upon
                  | taking damage. [an orb of fire]
 63377 | Zot:1    | Gained mutation: You have sharp fingernails. [an orb of
                  | fire]
 63417 | Depths:5 | Gained mutation: Your body often deteriorates upon taking
                  | damage. [an orb of fire]
 63942 | Coc:1    | Entered Level 1 of Cocytus
 64131 | Dis:1    | Entered Level 1 of the Iron City of Dis
 64334 | Dis:1    | You fall into a shaft and drop 1 floor!
 64442 | Dis:3    | Reached skill level 5 in Polearms
 67152 | Slime:1  | Entered Level 1 of the Pits of Slime
 67205 | Slime:2  | HP: 5/201 [acid (15)]
 67205 | Slime:2  | Killed from afar by an acid blob

Levels and vault maps discovered:
D:1:      dpeg_arrival_brainrot, layout_basic, amethyst_killhole
D:2:      layout_loops_ring, nicolae_ashenzari_panopticon, serial_forest,
          infiniplex_forest_corner_1, infiniplex_forest_lined_4_way,
          infiniplex_forest_lined_3, infiniplex_forest_corner_2,
          infiniplex_forest_lined_3_way, infiniplex_forest_corner_1
D:3:      layout_rooms, nicolae_overflow_hidden_temple, uniq_terence, uniq_ijyb
D:4:      layout_gridville, zin_angel, supply_closet_lemuel
D:5:      layout_loops_ring, temple_pool_b, first_ration, dk_rats_in_the_wall
D:6:      layout_rooms, ebering_ghost_sewer_f, minmay_manual_mullet
D:7:      layout_rooms, old_standard_altar, grunt_qazlal_clouds,
          marbit_many_paths, okawaru_ov_weapons_minmay, the_bakery, uniq_harold
D:8:      minmay_the_grid_triangle_9x9_recursive_2
          [minmay_the_grid_triangle_9x9_prize_special,
          minmay_the_grid_triangle_9x9_steps,
          minmay_the_grid_triangle_9x9_checkered,
          minmay_the_grid_triangle_9x9_impossible_snake], layout_basic,
          gammafunk_ghost_spectres
D:9:      layout_roguey, lemuel_mausoleum_altar_kikubaaqudgha,
          gammafunk_temple_overflow_statue, eat_drink_and_be_merry_uskayaw,
          dpeg_lair_monsters
D:10:     layout_irregular_city
D:11:     layout_basic, erik_orc_1, minmay_puff, uniq_nergalle, uniq_grum,
          uniq_erolcha
D:12:     layout_roguey, special_room [special_room_orc],
          nicolae_transmutations_shop, guppyfry_shop_venom
D:13:     minmay_opposing_rooms, layout_irregular_city, david_vaults_4,
          gauntlet_entry_generic, enter_bailey_2, chequers_decorated_corner,
          minmay_fountain_box, minivault_28
D:14:     layout_basic, serial_shops, nicolae_shop_statue_plus,
          nicolae_ru_sacrificial_ziggurat, feat_on_display, uniq_snorg
D:15:     hangedman_depths_entry_civil_slaughter, layout_irregular_city,
          ploomutoo_gammafunk_ghost_potion_laboratory, minmay_hedge_maze,
          kennysheep_treasure_room
Temple:   grunt_temple_mini_profane
Lair:1:   layout_gridlike
Lair:2:   layout_gridlike, uniq_gastronok
Lair:3:   cheibrodos_magma_flow, layout_regular_city, uniq_prince_ribbit2
Lair:4:   layout_long_grid, minmay_shoals_entry_centaurs,
          spider_nest_entry_funnel_web, serial_bayou_lagoon_a,
          minmay_lindwurm_lava, infiniplex_staircase_pool, lemuel_fruit_fields
Lair:5:   layout_cave_shapes, uniq_rupert
Lair:6:   minmay_lair_end_frog_pond, layout_layer_cave, slime_altar_2
Shoals:1: layout_shoals, uniq_nikola
Shoals:2: layout_shoals, portal_ice_cave_entry_pillars_four,
          nicolae_shoals_stone_sculpture_thing
Shoals:3: layout_shoals, regret_index_shoals_crete
Shoals:4: shoals_end_grunt_ice, layout_shoals, nicolae_shoals_kraken_party
Spider:1: layout_spider_delve, uniq_asterion
Spider:2: layout_spider_delve
Spider:3: layout_spider_delve
Spider:4: grunt_spider_rune_parallel
Slime:1:  layout_caves
Slime:2:  layout_caves
Orc:1:    layout_caves
Orc:2:    st_orc_ogre_mass, layout_caves, basic_altar
Elf:1:    elf_arrival_001, layout_geoelf_octagon, serial_shops, shop,
          minmay_elf_demonology
Elf:2:    layout_gridlike, minivault_16, minmay_elf_sorcery
Elf:3:    minmay_elf_hall_hex, layout_onion_city, serial_shops,
          nicolae_shop_statue_plus, billiards_dpeg
Vaults:1: vaults_room_pool, ontoclasm_vaults_hangar, ontoclasm_vaults_pinch,
          hangedman_vaults_corner, vaults_mumra_lcd, hangedman_vaults_snaps,
          grunt_vaults_funnel, v_rooms_5, layout_vaults_maze_snakey,
          serial_shops, bzr_entry_lakeside
Vaults:2: vaults_room_large_hall, ontoclasm_vaults_hangar,
          ontoclasm_vaults_shout, v_misc_2, v_pattern_4, vaults_dpeg_hooks,
          nicolae_vaults_network_quinsquares
          [nicolae_vaults_network_quincunx_subvault,
          nicolae_vaults_network_quincunx_subvault,
          nicolae_vaults_network_quincunx_subvault,
          nicolae_vaults_network_quincunx_subvault], ontoclasm_vaults_fault,
          nicolae_vaults_ring_of_whatevers, layout_vaults_omnigrid
Vaults:3: nicolae_vaults_what_the_h, nicolae_vaults_stairing_the_circle,
          minmay_crypt_entry_vampire_xt, v_misc_18, v_rooms_2,
          hangedman_vaults_stretched_pinwheel, nicolae_vaults_little_squares_4,
          vaults_room_pool, v_alt_pattern_5, vaults_room_glass_cross,
          ontoclasm_vaults_misaligned, nicolae_vaults_ninety_degrees, v_misc_8,
          ontoclasm_vaults_ligature, vaults_room_hallway, layout_vaults_ring,
          basic_altar, serial_shops, shop, uniq_frederick
Vaults:4: nicolae_vaults_network_periphery, nicolae_vaults_halls_meeting,
          nicolae_vaults_rhombus_7, v_pattern_3, vaults_dpeg_ring,
          vaults_mumra_hex, vaults_room_fours, vaults_standard_mumra_x,
          ontoclasm_vaults_chip, nicolae_vaults_little_squares_3, v_misc_24,
          nicolae_vaults_asterisk, v_misc_23, ontoclasm_vaults_bender,
          nicolae_vaults_little_squares_2, layout_vaults_omnibox
Vaults:5: uniq_xtahua
Crypt:1:  layout_gridlike, grunt_crypt_arrival_webbed, uniq_khufu,
          uniq_saint_roka
Crypt:2:  cheibrodos_crypt_eye_of_stone, layout_gridlike, ebering_ghost_gozag,
          mu_enter_wizlab_5
Crypt:3:  cryptofortress_bobbens, uniq_boris
Depths:1: cheibrodos_cascadia, layout_gridlike, hangedman_abyss_entry_splay,
          pf_hell_entry_great_geh, kennysheep_generic_room_2,
          serial_bayou_shore_a
Depths:2: radiant_caverns_a_rkd, serial_shops, hell_entry, abyss_entry
Depths:3: kennysheep_gozag_temple, layout_basic, rand_demon_pan_entry_4,
          abyss_entry_flame_altar, hell_entry, old_standard_altar,
          kennysheep_random_hallway
Depths:4: kennysheep_large_vault, layout_twisted_cross,
          minmay_misc_feat_secret_circle, hell_entry, minmay_room_of_horrors,
          minmay_staircase_bubble
Depths:5: grunt_bruiser_brothers, layout_basic, enter_ziggurat_f, abyss_entry,
          grunt_mini_vestibule, serial_corexii_hall, corexii_hall_statues_i,
          corexii_hall_statues_i, lightli_corner_chamber, uniq_margery,
          uniq_sojobo
Hell
Dis:1:    layout_gridville
Dis:2:    hangedman_iron_city_apartments, layout_regular_city
Dis:3:    layout_subdivisions, hangedman_player_shredder
Dis:4:    layout_subdivisions, hangedman_dis_decor_blocks_talon
Dis:5:    layout_jigsaw
Coc:1:    layout_cocytus_water_paths
Tar:1:    layout_catacombs, lemuel_nasty_fountain
Tar:2:    layout_honeycomb
Tar:3:    layout_catacombs, nicolae_tar_cuneiform_heaven, grunt_megastairs_3
Zot:1:    layout_onion, st_stairs_13
Zot:2:    lemuel_draconian_sentries_small, layout_cathedral_of_symmetry

Skill      XL: |  1  2  3  4  5  6  7  8  9 10 11 12 13 14 15 16 17 18 19 20 21 22 23 24 25 26 27 |
---------------+----------------------------------------------------------------------------------+-----
Fighting       | 1 2 3 5 6 7 9 10 11 12 14 15 16 17 18 19 20 | 20.0
Short Blades   | 1 2 3 4 6 7 11 12 13 17 | 17.2
Stealth        | 4 5 6 7 9 10 12 14 17 19 21 23 27 | 27.0
Dodging        | 3 4 5 6 7 10 13 15 16 17 | 17.7
Invocations    | 1 3 4 |  4.8
Shields        | 4 7 9 11 13 14 15 | 15.0
Evocations     | 4 5 |  5.7
Throwing       | 1 |  1.0
Armour         | 6 8 10 12 14 16 17 | 17.2
Hexes          | 6 7 |  7.2
Spellcasting   | 7 10 | 10.2
Air Magic      | 4 |  4.5
Transmutations | 4 5 |  5.3
Translocations | 4 |  4.0
Conjurations   | 3 |  3.0
Long Blades    | 13 | 13.6
Axes           | 11 12 13 | 13.4
Summonings     | 12 | 12.5
Polearms       | 9 |  9.1
Poison Magic   | |  2.6

Action                   |  1- 3 |  4- 6 |  7- 9 | 10-12 | 13-15 | 16-18 | 19-21 | 22-24 | 25-27 || total
-------------------------+-------+-------+-------+-------+-------+-------+-------+-------+-------++-------
Melee: Unarmed           |    22 |       |       |       |       |       |       |       |       ||    22
       Bite              |    15 |    15 |    25 |    85 |   206 |   248 |   340 |   467 |   604 ||  2005
       Dagger            |   170 |   138 |   336 |   678 |  1262 |  1630 |  1822 |  2415 |  1221 ||  9672
       Headbutt          |    17 |    24 |    51 |   139 |   313 |   432 |   521 |   820 |  1011 ||  3328
       Demon blade       |       |       |       |       |       |       |       |       |  1326 ||  1326
       Broad axe         |       |       |       |       |       |       |       |       |   136 ||   136
       Demon trident     |       |       |       |       |       |       |       |       |   986 ||   986
Throw: Dart              |       |       |     3 |    10 |       |    10 |       |     7 |     1 ||    31
       Throwing net      |       |       |       |       |     1 |     2 |     2 |     6 |       ||    11
 Cast: Sting             |    23 |     2 |       |       |       |       |       |       |       ||    25
       Poisonous Vapours |     1 |     2 |       |       |       |       |       |       |       ||     3
       Blink             |       |       |       |       |     2 |       |       |       |     5 ||     7
       Confusing Touch   |       |       |       |       |       |    73 |    74 |   262 |   353 ||   762
       Airstrike         |       |       |       |       |       |       |       |     3 |    23 ||    26
       Passwall          |       |       |       |       |       |       |       |       |    24 ||    24
       Apportation       |       |       |       |       |       |       |       |       |     6 ||     6
       Invisibility      |       |       |       |       |       |       |       |       |     3 ||     3
Invok: Lesser Servant of |       |       |       |       |     1 |     1 |       |       |       ||     2
       Greater Servant o |       |       |       |       |       |       |       |       |     2 ||     2
 Abil: Exsanguinate      |     1 |       |       |       |       |       |     1 |       |     2 ||     4
       Evoke Berserk Rag |       |       |       |     1 |       |       |       |       |       ||     1
       Revivify          |       |       |       |       |       |       |       |     1 |     1 ||     2
       End Transformatio |       |       |       |       |       |       |       |       |     1 ||     1
       Bat Form          |       |       |       |       |       |       |       |       |     1 ||     1
Evoke: Wand              |       |     3 |     9 |    14 |    12 |    32 |     2 |    19 |    25 ||   116
       Lamp of fire      |       |       |       |       |     2 |     3 |     4 |     9 |     8 ||    26
       Box of beasts     |       |       |       |       |       |       |       |     1 |     2 ||     3
       Phantom mirror    |       |       |       |       |       |       |       |       |     4 ||     4
  Use: Potion            |     4 |     1 |     7 |     1 |    11 |    16 |     5 |    14 |    38 ||    97
       Scroll            |     6 |       |    16 |    15 |    15 |    18 |    11 |    25 |    35 ||   141
 Stab: Sleeping          |     5 |     2 |     8 |    42 |    62 |    95 |   116 |    65 |    58 ||   453
       Invisible         |     1 |       |       |       |     5 |       |       |     1 |     5 ||    12
       Distracted        |       |       |       |     4 |     6 |    13 |     8 |    13 |    18 ||    62
       Held in net/web   |       |       |       |       |     1 |     1 |     3 |    12 |       ||    17
       Confused          |       |       |       |       |       |    55 |    68 |   219 |   287 ||   629
       Paralysed         |       |       |       |       |       |     4 |       |     8 |       ||    12
Armor: Ring mail         |    90 |    39 |   106 |    45 |       |       |       |       |       ||   280
       Troll leather arm |       |       |       |    47 |   115 |       |       |       |       ||   162
       Leather armour    |       |       |       |       |    48 |   264 |   153 |   252 |   150 ||   867
       Robe              |       |       |       |       |       |       |       |       |   420 ||   420
Dodge: Dodged            |   123 |    49 |   218 |   258 |   473 |   639 |   575 |   860 |  1941 ||  5136
Block: Shield            |       |       |       |       |   374 |   883 |   847 |  1200 |  2618 ||  5922
       Rpst.: Demon blade |       |       |       |       |       |       |       |       |    99 ||    99
